| TOP OF THE 1ST |
|
Washington (APP) Nationals batting - Pitching for Helena Brewers : LHP Juan Gonzalez
|
|
Pitching: LHP Juan Gonzalez
|
|
|
Batting: RHB John Savard
|
0-0: Ball 1-0: SINGLE (Flyball, 7, EV 86.9 MPH)
|
|
Batting: RHB Steve Bauman
|
0-0: Called Strike John Savard steals 2nd base 0-1: Fly out, F7 (Flyball, 7, EV 96.3 MPH)
|
|
Batting: RHB Jared Speck
|
0-0: Called Strike 0-1: Fly out, F8 (Flyball, 8LXD, EV 93.1 MPH) Runner from 2nd tags up, SAFE at 3rd, no throw by CF
|
|
Batting: RHB Nick Moreno
|
0-0: Called Strike 0-1: Swinging Strike 0-2: Foul Ball, location: 2F 0-2: Ball 1-2: Ball 2-2: Ball 3-2: Foul Ball, location: 2F 3-2: Strikes out swinging
|
| Top of the 1st over - 0 runs, 1 hit, 0 errors, 1 left on base; Washington (APP) 0 - Helena 0 |
| BOTTOM OF THE 1ST |
|
Helena Brewers batting - Pitching for Washington (APP) Nationals : RHP Bastien Perrini
|
|
Pitching: RHP Bastien Perrini
|
|
|
Batting: RHB Nick Cummings
|
0-0: Ball 1-0: Swinging Strike 1-1: Ground out 5-3 (Groundball, 56S, EV 73.1 MPH)
|
|
Batting: SHB Mike Williams
|
0-0: Ball 1-0: Called Strike 1-1: Fly out, F8 (Line Drive, 8LD, EV 91.3 MPH)
|
|
Batting: SHB Craig Wright
|
0-0: Ball 1-0: Ball 2-0: Called Strike 2-1: Foul Ball, location: 2F 2-2: Foul Ball, location: 2F 2-2: SINGLE (Groundball, 6MD, EV 103.1 MPH)
|
|
Batting: LHB Gabe Harvey
|
0-0: Ball 1-0: Ball 2-0: Ball 3-0: Called Strike 3-1: Fielders Choice at 2nd, 5-4 (Groundball, 5, EV 85.6 MPH)
|
| Bottom of the 1st over - 0 runs, 1 hit, 0 errors, 1 left on base; Washington (APP) 0 - Helena 0 |
| TOP OF THE 2ND |
|
Washington (APP) Nationals batting - Pitching for Helena Brewers : LHP Juan Gonzalez
|
|
Batting: RHB Kevin Whitenack
|
0-0: Ball 1-0: Ball 2-0: Ball 3-0: Base on Balls
|
|
Batting: RHB Jon Buscher
|
0-0: Called Strike 0-1: Ball 1-1: Called Strike 1-2: Hit by Pitch Kevin Whitenack to second
|
|
Batting: RHB Naofumi Ishida
|
0-0: Ball 1-0: Called Strike 1-1: Ball 2-1: Swinging Strike 2-2: Strikes out swinging
|
|
Batting: RHB Derek Moran
|
0-0: Foul Ball, location: 2F 0-1: Fly out, F4 (Popup, 34, EV 70.6 MPH)
|
|
Batting: RHB Brian Walker
|
0-0: Called Strike 0-1: Foul Ball, location: 2F 0-2: Ball 1-2: Strikes out looking
|
| Top of the 2nd over - 0 runs, 0 hits, 0 errors, 2 left on base; Washington (APP) 0 - Helena 0 |
| BOTTOM OF THE 2ND |
|
Helena Brewers batting - Pitching for Washington (APP) Nationals : RHP Bastien Perrini
|
|
Batting: LHB Pablo Cardona
|
0-0: Foul Ball, location: 2F 0-1: Called Strike 0-2: Ball 1-2: Ball 2-2: Strikes out swinging
|
|
Batting: RHB Dustin Pryor
|
0-0: Called Strike 0-1: Ball 1-1: Ball 2-1: TRIPLE (Flyball, 8LXD, EV 85.0 MPH)
|
|
Batting: LHB Umar Matoub
|
0-0: Ball 1-0: Ball 2-0: Swinging Strike 2-1: SINGLE (Line Drive, 7S, EV 86.9 MPH) Dustin Pryor scores
|
|
Batting: RHB Juan Villanueva
|
0-0: Swinging Strike 0-1: Called Strike 0-2: Ball 1-2: Ball 2-2: Ground out 4-3 (Groundball, 4S, EV 74.4 MPH) Umar Matoub to second
|
|
Batting: RHB Leo Serrano
|
0-0: Called Strike 0-1: Fly out, F8 (Flyball, 8RD, EV 105.0 MPH)
|
| Bottom of the 2nd over - 1 run, 2 hits, 0 errors, 1 left on base; Washington (APP) 0 - Helena 1 |
| TOP OF THE 3RD |
|
Washington (APP) Nationals batting - Pitching for Helena Brewers : LHP Juan Gonzalez
|
|
Batting: RHB John Savard
|
0-0: Ball 1-0: Ground out U3 (Groundball, 3S, EV 93.1 MPH)
|
|
Batting: RHB Steve Bauman
|
0-0: Ground out 5-3 (Groundball, 56S, EV 71.3 MPH)
|
|
Batting: RHB Jared Speck
|
0-0: Foul Ball, location: 2F 0-1: Ball 1-1: Ball 2-1: Ball 3-1: SOLO HOME RUN (Flyball, 9D, EV 97.5 MPH), Distance : 367 ft
|
|
Batting: RHB Nick Moreno
|
0-0: Ball 1-0: Swinging Strike 1-1: Ball 2-1: Ground out 6-3 (Groundball, 6, EV 89.4 MPH)
|
| Top of the 3rd over - 1 run, 1 hit, 0 errors, 0 left on base; Washington (APP) 1 - Helena 1 |
| BOTTOM OF THE 3RD |
|
Helena Brewers batting - Pitching for Washington (APP) Nationals : RHP Bastien Perrini
|
|
Batting: RHB Nick Cummings
|
0-0: Ball 1-0: Ball 2-0: DOUBLE (Line Drive, 9LM, EV 106.9 MPH)
|
|
Batting: SHB Mike Williams
|
0-0: Ball Passed Ball! Nick Cummings to third 1-0: Foul Ball, location: 2F 1-1: Fly out, F9 (Flyball, 9LS, EV 80.0 MPH)
|
|
Batting: SHB Craig Wright
|
0-0: Swinging Strike 0-1: DOUBLE (Line Drive, 9LM, EV 102.5 MPH) Nick Cummings scores
|
|
Batting: LHB Gabe Harvey
|
0-0: Ball 1-0: Ball 2-0: Fly out, F6 (Flyball, 56D, EV 80.6 MPH)
|
|
Batting: LHB Pablo Cardona
|
0-0: Ball 1-0: DOUBLE (Groundball, 5L, EV 102.5 MPH) Craig Wright scores
|
|
Batting: RHB Dustin Pryor
|
0-0: Called Strike 0-1: Ball 1-1: Called Strike 1-2: Ball 2-2: Strikes out swinging
|
| Bottom of the 3rd over - 2 runs, 3 hits, 0 errors, 1 left on base; Washington (APP) 1 - Helena 3 |
| TOP OF THE 4TH |
|
Washington (APP) Nationals batting - Pitching for Helena Brewers : LHP Juan Gonzalez
|
|
Batting: RHB Kevin Whitenack
|
0-0: Ball 1-0: Ball 2-0: Ball 3-0: Foul Ball, location: 2F 3-1: Foul Ball, location: 2F 3-2: Base on Balls
|
|
Batting: RHB Jon Buscher
|
0-0: Grounds into double play, 6-4-3 (Groundball, 6, EV 104.4 MPH)
|
|
Batting: RHB Naofumi Ishida
|
0-0: Foul Ball, location: 2F 0-1: Fly out, F8 (Line Drive, 8LD, EV 88.1 MPH)
|
| Top of the 4th over - 0 runs, 0 hits, 0 errors, 0 left on base; Washington (APP) 1 - Helena 3 |
| BOTTOM OF THE 4TH |
|
Helena Brewers batting - Pitching for Washington (APP) Nationals : RHP Bastien Perrini
|
|
Batting: LHB Umar Matoub
|
0-0: Swinging Strike 0-1: Ground out 4-3 (Groundball, 4, EV 85.0 MPH)
|
|
Batting: RHB Juan Villanueva
|
0-0: Ball 1-0: Called Strike 1-1: Foul Ball, location: 2F 1-2: Ball 2-2: Ball 3-2: Ground out 5-3 (Groundball, 56, EV 91.9 MPH)
|
|
Batting: RHB Leo Serrano
|
0-0: SINGLE (Groundball, 34D, EV 103.8 MPH)
|
|
Batting: RHB Nick Cummings
|
0-0: Called Strike 0-1: Ball Wild Pitch! Leo Serrano to second 1-1: DOUBLE (Line Drive, 9LD, EV 111.3 MPH) Leo Serrano scores
|
|
Batting: SHB Mike Williams
|
0-0: Ground out U3 (Groundball, 34, EV 78.1 MPH)
|
| Bottom of the 4th over - 1 run, 2 hits, 0 errors, 1 left on base; Washington (APP) 1 - Helena 4 |
| TOP OF THE 5TH |
|
Washington (APP) Nationals batting - Pitching for Helena Brewers : LHP Juan Gonzalez
|
|
Batting: RHB Derek Moran
|
0-0: Ground out 6-3 (Groundball, 6, EV 110.0 MPH)
|
|
Batting: RHB Brian Walker
|
0-0: Ball 1-0: SINGLE (Line Drive, 78S, EV 100.0 MPH)
|
|
Batting: RHB John Savard
|
0-0: Fielders Choice at 2nd, 6-4 (Groundball, 6M, EV 86.3 MPH)
|
|
Batting: RHB Steve Bauman
|
0-0: Called Strike John Savard steals 2nd base 0-1: Ball 1-1: Called Strike 1-2: Ball 2-2: SINGLE (Line Drive, 5D, EV 105.0 MPH) John Savard to third Runner from 3rd tries for Home, SAFE, throw by LF to home
|
|
Batting: RHB Jared Speck
|
0-0: Ball 1-0: Ball 2-0: Called Strike 2-1: Swinging Strike 2-2: Foul Ball, location: 2F 2-2: Fielders Choice at 2nd, 6-4 (Groundball, 6, EV 79.4 MPH)
|
| Top of the 5th over - 1 run, 2 hits, 0 errors, 1 left on base; Washington (APP) 2 - Helena 4 |
| BOTTOM OF THE 5TH |
|
Helena Brewers batting - Pitching for Washington (APP) Nationals : RHP Bastien Perrini
|
|
Batting: SHB Craig Wright
|
0-0: Foul Ball, location: 2F 0-1: Foul Ball, location: 2F 0-2: Ball 1-2: Foul Ball, location: 2F 1-2: Ball 2-2: Foul Ball, location: 2F 2-2: Foul Ball, location: 2F 2-2: Foul Ball, location: 2F 2-2: Ball 3-2: Base on Balls
|
|
Batting: LHB Gabe Harvey
|
0-0: Ball 1-0: Swinging Strike 1-1: Ball 2-1: Ball 3-1: Called Strike 3-2: Fielders Choice at 2nd, 3-6 (Groundball, 3S, EV 84.4 MPH)
|
|
Batting: LHB Pablo Cardona
|
0-0: Ball 1-0: Swinging Strike 1-1: Fly out, F7 (Flyball, 7S, EV 80.6 MPH)
|
|
Batting: RHB Dustin Pryor
|
0-0: Foul Ball, location: 2F 0-1: Ball 1-1: Foul Ball, location: 2F 1-2: Ball 2-2: Fly out, F2 (Popup, 15S, EV 90.0 MPH)
|
| Bottom of the 5th over - 0 runs, 0 hits, 0 errors, 1 left on base; Washington (APP) 2 - Helena 4 |
| TOP OF THE 6TH |
|
Washington (APP) Nationals batting - Pitching for Helena Brewers : LHP Juan Gonzalez
|
|
Batting: RHB Nick Moreno
|
0-0: Called Strike 0-1: Foul Ball, location: 2F 0-2: Ball 1-2: SINGLE (Groundball, 6MD, EV 105.6 MPH)
|
|
Batting: RHB Kevin Whitenack
|
0-0: Ball 1-0: Ball 2-0: Foul Ball, location: 2F 2-1: SINGLE (Line Drive, 6M, EV 97.5 MPH) Nick Moreno to second
|
|
Pitching: RHP Ernie Borden
|
|
|
Batting: RHB Jon Buscher
|
0-0: Ball 1-0: Ground out 5-3 (Groundball, 56S, EV 71.3 MPH) Nick Moreno to third Kevin Whitenack to second
|
|
Batting: RHB Naofumi Ishida
|
0-0: Called Strike 0-1: Ball 1-1: Called Strike 1-2: Ground out 6-3 (Groundball, 6, EV 75.0 MPH) Nick Moreno scores Kevin Whitenack to third
|
|
Batting: RHB Derek Moran
|
0-0: Ground out 4-3 (Groundball, 4, EV 100.6 MPH)
|
| Top of the 6th over - 1 run, 2 hits, 0 errors, 1 left on base; Washington (APP) 3 - Helena 4 |
| BOTTOM OF THE 6TH |
|
Helena Brewers batting - Pitching for Washington (APP) Nationals : RHP Bastien Perrini
|
|
Pitching: LHP Johnny Busse
|
|
|
Batting: LHB Umar Matoub
|
0-0: SINGLE (Groundball, 3D, EV 103.1 MPH)
|
|
Batting: RHB Juan Villanueva
|
0-0: Called Strike 0-1: Called Strike 0-2: Ball 1-2: Ball 2-2: DOUBLE (Flyball, 8LXD, EV 91.3 MPH) Umar Matoub to third
|
|
Batting: RHB Leo Serrano
|
0-0: Ball 1-0: Called Strike 1-1: Fly out, F9 (Flyball, 9D, EV 81.9 MPH) Runner from 3rd tags up, SCORES, throw by RF Juan Villanueva to third
|
|
Batting: RHB Nick Cummings
|
0-0: Called Strike 0-1: Foul Ball, location: 2F 0-2: Ball 1-2: Ball 2-2: Foul Ball, location: 2F 2-2: Strikes out swinging
|
|
Batting: SHB Mike Williams
|
0-0: Called Strike 0-1: Ball 1-1: Called Strike 1-2: Ball 2-2: Ball 3-2: Strikes out looking
|
| Bottom of the 6th over - 1 run, 2 hits, 0 errors, 1 left on base; Washington (APP) 3 - Helena 5 |
| TOP OF THE 7TH |
|
Washington (APP) Nationals batting - Pitching for Helena Brewers : RHP Ernie Borden
|
|
Batting: RHB Brian Walker
|
0-0: Called Strike 0-1: Ball 1-1: Foul Ball, location: 2F 1-2: Ball 2-2: Ball 3-2: Strikes out looking
|
|
Batting: RHB John Savard
|
0-0: Called Strike 0-1: Called Strike 0-2: Foul Ball, location: 2F 0-2: Ball 1-2: Foul Ball, location: 2F 1-2: Foul Ball, location: 2F 1-2: Strikes out swinging
|
|
Batting: RHB Steve Bauman
|
0-0: Called Strike 0-1: Called Strike 0-2: Ball 1-2: DOUBLE (Line Drive, 9LS, EV 101.9 MPH)
|
|
Batting: RHB Jared Speck
|
0-0: Called Strike 0-1: Foul Ball, location: 2F 0-2: Ball 1-2: Strikes out looking
|
| Top of the 7th over - 0 runs, 1 hit, 0 errors, 1 left on base; Washington (APP) 3 - Helena 5 |
| BOTTOM OF THE 7TH |
|
Helena Brewers batting - Pitching for Washington (APP) Nationals : LHP Johnny Busse
|
|
Pitching: LHP Mike Montgomery
|
|
|
Batting: SHB Craig Wright
|
0-0: Called Strike 0-1: Ball 1-1: Ball 2-1: Ground out 6-3 (Groundball, 6, EV 84.4 MPH)
|
|
Batting: LHB Gabe Harvey
|
0-0: Swinging Strike 0-1: Ball 1-1: Foul Ball, location: 2F 1-2: Ball 2-2: Ground out 4-3 (Groundball, 4, EV 96.3 MPH)
|
|
Batting: LHB Pablo Cardona
|
0-0: Called Strike 0-1: Ball 1-1: Swinging Strike 1-2: Fly out, F9 (Flyball, 89M, EV 91.3 MPH)
|
| Bottom of the 7th over - 0 runs, 0 hits, 0 errors, 0 left on base; Washington (APP) 3 - Helena 5 |
| TOP OF THE 8TH |
|
Washington (APP) Nationals batting - Pitching for Helena Brewers : RHP Ernie Borden
|
|
Pitching: RHP Alejandro Souto
|
|
|
Batting: RHB Nick Moreno
|
0-0: Ball 1-0: Ball 2-0: Called Strike 2-1: Ball 3-1: Base on Balls
|
|
Batting: RHB Kevin Whitenack
|
0-0: Called Strike 0-1: Swinging Strike 0-2: Strikes out swinging
|
|
Batting: RHB Jon Buscher
|
0-0: Called Strike 0-1: Foul Ball, location: 2F 0-2: Strikes out swinging
|
|
Batting: RHB Naofumi Ishida
|
0-0: Fly out, F2 (Popup, 23F, EV 86.3 MPH)
|
| Top of the 8th over - 0 runs, 0 hits, 0 errors, 1 left on base; Washington (APP) 3 - Helena 5 |
| BOTTOM OF THE 8TH |
|
Helena Brewers batting - Pitching for Washington (APP) Nationals : LHP Mike Montgomery
|
|
Pitching: RHP Brian Walker
|
|
|
Batting: RHB Dustin Pryor
|
0-0: Swinging Strike 0-1: Swinging Strike 0-2: Strikes out swinging
|
|
Batting: LHB Umar Matoub
|
0-0: Ball 1-0: Foul Ball, location: 2F 1-1: Called Strike 1-2: Ball 2-2: Ball 3-2: Ground out 5-3 (Groundball, 5, EV 90.0 MPH)
|
|
Pitching: RHP Chris Lawrence
|
|
|
Batting: RHB Juan Villanueva
|
0-0: Ball 1-0: Foul Ball, location: 2F 1-1: Foul Ball, location: 2F 1-2: Ball 2-2: Strikes out swinging
|
| Bottom of the 8th over - 0 runs, 0 hits, 0 errors, 0 left on base; Washington (APP) 3 - Helena 5 |
| TOP OF THE 9TH |
|
Washington (APP) Nationals batting - Pitching for Helena Brewers : RHP Alejandro Souto
|
|
Pitching: RHP Allen Gans
|
|
|
Batting: RHB Derek Moran
|
0-0: Called Strike 0-1: SINGLE (Line Drive, 78M, EV 111.9 MPH)
|
|
Pinch Hitting: SHB Gabe Fraunfelder
|
0-0: Called Strike 0-1: Ball 1-1: Ball 2-1: Ball 3-1: Fielders Choice at 2nd, 4-6 (Groundball, 4, EV 87.5 MPH)
|
|
Batting: RHB John Savard
|
0-0: Called Strike 0-1: Ball 1-1: Swinging Strike 1-2: Ball 2-2: Strikes out swinging
|
|
Batting: RHB Steve Bauman
|
0-0: Ball 1-0: Ball 2-0: Ball 3-0: Base on Balls Gabe Fraunfelder to second
|
|
Batting: RHB Jared Speck
|
0-0: Foul Ball, location: 2F 0-1: Ball 1-1: Foul Ball, location: 2F 1-2: Ball 2-2: Ball 3-2: Ground out 1-3 (Groundball, 13S, EV 75.0 MPH)
|
| Top of the 9th over - 0 runs, 1 hit, 0 errors, 2 left on base; Washington (APP) 3 - Helena 5 |
|